 Dungeon Crawl Stone Soup version 0.29.1-4-g47bece8355 (webtiles) character file.

Game seed: 1643631653242672345

229 hawla the Chiller (level 6, -1/45 HPs)
             Began as a Meteoran Ice Elementalist on Dec 6, 2022.
             Slain by an ogre
             ... wielding a +0 giant spiked club
              (31 damage)
             ... on level 5 of the Dungeon.
             The game lasted 00:04:07 (508 turns).

hawla the Chiller (Meteoran Ice Elementalist)        Turns: 508, Time: 00:04:10

Health: -1/45      AC:  3    Str:  9    XL:     6   Next: 48%
Magic:  4/13       EV: 13    Int: 19    God:
Gold:   44         SH:  0    Dex: 15    Spells: 5/13 levels left

rFire   . . .      SeeInvis .   (no weapon)
rCold   . . .      Faith    .   (no shield)
rNeg    . . .      Spirit   .   a - +1 robe
rPois   .          Reflect  .   (no helmet)
rElec   .          Harm     .   (no cloak)
rCorr   .          Rampage  .   (no gloves)
Will    .....                   (no boots)
Stlth   +.........              (no amulet)
HPRegen 0.15/turn               (no ring)
MPRegen 0.13/turn               (no ring)

@: freezing walls, glowing
A: sense surroundings 1, otherworldly, glowing, explore regen
a: no special abilities


You were on level 5 of the Dungeon.
You visited 1 branch of the dungeon, and saw 5 of its levels.

You collected 44 gold pieces.

Inventory:

Armour
 a - a +1 robe (worn)
Scrolls
 d - 2 scrolls of teleportation {unknown}
 e - 2 scrolls of identify
 f - a scroll of fear {unknown}
Potions
 c - 2 potions of curing


   Skills:
 - Level 2.7 Dodging
 - Level 1.4 Stealth
 - Level 4.1 Spellcasting
 + Level 3.8 Conjurations
 - Level 6.0 Ice Magic


You had 5 spell levels left.
You knew the following spells:

 Your Spells              Type           Power      Damage    Failure   Level
a - Freeze                Ice            100%       1d11      1%          1
b - Frozen Ramparts       Ice            52%        1d8       3%          3
c - Hailstorm             Conj/Ice       22%        3d7       19%         4

Your spell library contained the following spells:

 Spells                   Type           Power      Damage    Failure   Level
 Ozocubu's Armour         Ice            26%        N/A       3%          3
 Necrotise                Necr           12%        1d4       14%         1
 Vampiric Draining        Necr           3%         2d6       38%         3
 Agony                    Necr           3%         N/A       98%         5


Dungeon Overview and Level Annotations

Branches:
Dungeon (5/15) Zot: 2491
 Temple: D:4-7

Altars:
Okawaru


Innate Abilities, Weirdness & Mutations

You passively map a small area around you.
You are easily found by Zot.
You glow in the dark.
You regain HP and MP as you explore.


Message History

The white imp shouts, "Despond, thou puny two-tin-hat cross-patch!"
You hear a loud, deep croak!
You hear a shout!
You hear an angry hiss.
An ogre and 2 adders come into view.
Found 8 gold pieces.
The adder hisses angrily. x2
A bullfrog comes into view.
The white imp shouts, "Remove thy stench, thou loggerheaded wibble-sucking harpy!"
There is an open door here.
Casting: Hailstorm (quite dangerous; 19% risk of failure)
Confirm with . or Enter, or press ? or * to list all spells.
Casting: Frozen Ramparts (dangerous; 3% risk of failure)
Press: ? - help, Dir - look around, f - activate An open door.
The walls around you are covered in ice.
The bullfrog gives a loud, deep croak!
The wall freezes the ogre.
The ogre hits you with a +0 giant spiked club!
Casting: Frozen Ramparts (dangerous; 3% risk of failure)
Confirm with . or Enter, or press ? or * to list all spells.
The spell is quite dangerous to miscast (19% risk of failure)!
Continue anyway?
Casting: Hailstorm (quite dangerous; 19% risk of failure)
Press: ? - help, Dir - look around, f - activate A cannonade of hail descends around you!
The hail pelts the adder!
The adder is heavily wounded.
The hail pelts the white imp.
The white imp partially resists.
The white imp is moderately wounded.
The hail pelts the adder!
You kill the adder!
The white imp gestures at you. The puff of frost hits you.
Unknown command.
As you read the scroll labelled SUTI RUZURUM, it crumbles to dust.
You hear a loud clanging noise!
It was a scroll of noise.
You hear an angry hiss.
The wall freezes the ogre.
The ogre hits you with a +0 giant spiked club!!
Ouch! That really hurt!
You die...

, ,* #...≈
≈...# , #..(≈#
#≈...# ,
#$..§≈###≈≈...#
,
#...≈≈≈≈≈≈≈...#
, ,
#...F.........#
, *
#....5..S.....#
*
#.......O.....#
* ** * **#@###
, #...# ###
#...# #.. #...#
#.# , , * #...#
#.# , * * ,*
##.####### #.#
* #..#.)...#
#.# ##.##)###.#
#.# *,,
+...)))##.# ,
..#


You could see an ogre, a bullfrog, an adder and a white imp.

Vanquished Creatures
  2 hounds
  A jelly (D:4)
  2 iguanas
  2 adders
  4 gnolls (D:5)
  A worm (D:2)
  A dart slug (D:5)
  6 orcs
  2 endoplasms
  2 hobgoblins
  A kobold (D:3)
  2 bats
26 creatures vanquished.

Notes
Turn   | Place    | Note
-------+----------+-------------------------------------------
     0 | D:1      | hawla the Meteoran Ice Elementalist began the quest for the
                  | Orb.
     0 | D:1      | Reached XP level 1. HP: 14/14 MP: 5/5
    93 | D:2      | Reached XP level 2. HP: 11/20 MP: 2/6
   208 | D:4      | Found an iron altar of Okawaru.
   221 | D:4      | Reached skill level 5 in Ice Magic
   221 | D:4      | Reached XP level 3. HP: 9/26 MP: 4/8
   225 | D:4      | Learned a level 3 spell: Frozen Ramparts
   242 | D:4      | Reached XP level 4. HP: 4/33 MP: 1/10
   243 | D:4      | Reached XP level 5. HP: 5/38 MP: 0/12
   248 | D:4      | Learned a level 4 spell: Hailstorm
   361 | D:4      | Noticed an ogre
   371 | D:5      | Entered Level 5 of the Dungeon
   399 | D:5      | Reached skill level 1 in Conjurations
   399 | D:5      | Reached skill level 6 in Ice Magic
   481 | D:5      | Reached XP level 6. HP: 41/45 MP: 1/13
   505 | D:5      | Noticed an ogre
   508 | D:5      | Slain by an ogre

Illustrated notes

Levels and vault maps discovered:
D:1:      mainiacjoe_arrival_reflecting_pool, layout_loops_cross
D:2:      layout_basic, serial_shops, nicolae_shop_bloodbath_and_beyond
D:3:      layout_basic, mainiacjoe_overflow_six_doors_small,
          nicolae_tso_swordbearing_angel, eino_curves_04
D:4:      layout_loops_ring, mainiacjoe_overflow_tiny_flanked, serial_shops,
          nicolae_shop_window_shopping, uniq_sigmund, uniq_edmund
D:5:      layout_basic, abandoned_shop, kennysheep_path_1,
          chequers_serial_rivers_micro_a

Skill      XL: |  1  2  3  4  5  6 |
---------------+-------------------+-----
Spellcasting   | 3 4 |  4.1
Ice Magic      | 5 6 |  6.0
Conjurations   | 2 3 |  3.8
Dodging        | |  2.7
Stealth        | |  1.4

Action                   |  1- 3 |  4- 6 || total
-------------------------+-------+-------++-------
Melee: Unarmed           |     1 |       ||     1
 Cast: Freeze            |    25 |     4 ||    29
       Frozen Ramparts   |     1 |     6 ||     7
       Hailstorm         |       |     5 ||     5
  Use: Scroll            |     3 |     1 ||     4
       Potion            |       |     1 ||     1
Armor: Robe              |     5 |     3 ||     8
Dodge: Dodged            |     6 |     4 ||    10
